[Event "Late-Titled-Tuesday-Blitz-May-14-2024"]
[Site "Chess.com"]
[Date "2024.05.14"]
[Round "3"]
[White "Kildepiotr"]
[Black "Dedic8"]
[Result "0-1"]
[WhiteElo "2723"]
[BlackElo "2909"]
[TimeControl "180+1"]
[EndTime "14:29:40 PDT"]
[Termination "Dedic8 won on time"]

1. Nf3 d5 2. g3 Nc6 3. Bg2 e5 4. d3 Nf6 5. O-O Bd6 6. Nbd2 O-O 7.
e4 h6 8. c3 Re8 9. b4 a5 10. b5 Ne7 11. a4 dxe4 12. dxe4 Be6 13. Qe2 Nc8 14. Nc4 Nd7 15. Rd1 Qe7 16. Nxd6 cxd6 17.
Ba3 Qf6 18. Nd2 Nc5 19. Bxc5 dxc5 20. Nc4 Qe7 21. Rd2 Qc7 22. Bf3 Nb6 23. Nxb6 Qxb6 24. Bg4 Rad8 25. Bxe6 Qxe6 26. Rad1 Rxd2 27. Qxd2 Qc4 28.
Qd7 Rf8 29. Qxb7 Qxa4 30. Rd7 Qb3 31. b6 a4 32. Qa6 a3 33. Ra7 Qb1+ 34. Kg2 Qxe4+ 35.
Kh3 Qf5+ 36. Kg2 Qe4+ 37. Kh3 a2 38. Qxa2 g5 39. b7 g4+ 40. Kh4 Qf5 41. Qd2 Kg7 0-1

[Event "Late-Titled-Tuesday-Blitz-May-14-2024"]
[Site "Chess.com"]
[Date "2024.05.14"]
[Round "3"]
[White "FredddieCroderg"]
[Black "Nf3c5"]
[Result "0-1"]
[WhiteElo "2302"]
[BlackElo "2564"]
[TimeControl "180+1"]
[EndTime "14:29:42 PDT"]
[Termination "Nf3c5 won on time"]

1. e4 c5 2. Bc4 e6 3. Qf3 Nc6 4. d3 Nf6 5. Nc3 Nd4 6. Qd1 d5 7. Bb3 b5 8. Be3 Nxb3 9. axb3 d4 10. Nxb5 dxe3 11. fxe3 a6 12. Na3 Be7 13. Nf3 Bb7 14.
Nc4 O-O 15. O-O Nd7 16. Na5 Qc7 17. Nxb7 Qxb7 18. Nd2 f5 19. Qe1 Ne5 20. Qg3 Ng6 21.
exf5 exf5 22. Nc4 Qc6 23. Qh3 Nh4 24. Rf4 g5 25. Rf2 Rae8 26. Ne5 Qe6 27. d4 Bd6 28. g3 Ng6 29. Nxg6 hxg6 30. Rxa6 cxd4 31. exd4 Kg7 32. Qf1 Qd5 33. c3 Rf7 34. Re2 Rxe2 35. Qxe2 Re7 36. Qc4 Qf3 37. Qf1 Qe3+ 38. Qf2 Qc1+ 39. Kg2 Qd1 40.
Rxd6 Re2 41. c4 Rxf2+ 42. Kxf2 Qd2+ 43. Kf1 f4 44. c5 f3 0-1

[Event "Late-Titled-Tuesday-Blitz-May-14-2024"]
[Site "Chess.com"]
[Date "2024.05.14"]
[Round "3"]
[White "The_Machine04"]
[Black "SharathRk6"]
[Result "0-1"]
[WhiteElo "2656"]
[BlackElo "2491"]
[TimeControl "180+1"]
[EndTime "14:29:43 PDT"]
[Termination "SharathRk6 won by checkmate"]

1. d4 Nf6 2. Nf3 d5 3. e3 e6 4. Nbd2 Be7 5. Bd3 O-O 6. O-O c5 7. c3 Nc6 8. dxc5 Bxc5 9. b4 Be7 10. Bb2 a6 11. a3 Bd7 12. c4 Rc8 13. Rc1 Na7 14.
Qe2 dxc4 15. Nxc4 Bb5 16. Rfd1 Bxc4 17. Bxc4 Qe8 18. Ne5 Nc6 19. Nxc6 Qxc6 20. Bd3 Qa4 21. Bc2 Qe8 22. Qf3 h6 23. Qxb7 a5 24. bxa5 Rb8 25. a6 Rxb7 26. axb7 Qb8 27. Rb1 Nd5 28. Bd4 Bf6 29. Be4 Bxd4 30. Bxd5 Be5 31. Bf3 Bxh2+ 32. Kh1 Bc7 33. Rdc1 Rd8 34. Rc6 Rd6 35. Rxd6 Bxd6 36. Rb6 Bc5 37. Ra6 Ba7 38. g3 g5 39. Kg2 Kg7 40. Ra4 f5 41. Rc4 g4 42. Bc6 Kf6 43. Kg1 h5 44. Bg2 Qe5 45. Rc8 Bb8 46. a4 h4 47. gxh4 g3 48. fxg3 Qxe3+ 49. Kf1 Bxg3 50. Rc2 Qe1# 0-1

[Event "Late-Titled-Tuesday-Blitz-May-14-2024"]
[Site "Chess.com"]
[Date "2024.05.14"]
[Round "3"]
[White "invisible_s0ul"]
[Black "Dexter_Dyke"]
[Result "0-1"]
[WhiteElo "2360"]
[BlackElo "2595"]
[TimeControl "180+1"]
[EndTime "14:29:45 PDT"]
[Termination "Dexter_Dyke won by resignation"]

1. c4 f5 2. d4 Nf6 3. Nc3 g6 4. g3 Bg7 5. Bg2 O-O 6. e3 d6 7. Nge2 c5 8. O-O Nc6 9. a3 e5 10. d5 Ne7 11. b4 b6 12. Bb2 g5 13. f4 gxf4 14. exf4 e4 15. Qd2 Qe8 16. Nd1 Qh5 17.
Ne3 Bd7 18. Bc3 Rf7 19. Kh1 Ng4 20. Nxg4 Qxg4 21. Ng1 h5 22. Nh3 h4 23. Ng5 hxg3 24. h3 Qh4 25. Nxf7 Kxf7 26. Bxg7 Kxg7 27. Qc3+ Kf7 28.
bxc5 bxc5 29. Rab1 Ng6 30. Rb3 Nxf4 31. Qxg3 Qxg3 32. Rxg3 Ne2 33. Re3 Nd4 34. Bxe4 Kf6 35. Bg2 Rb8 36. h4 Rh8 37. Rh3 f4 38. h5 Bxh3 39. Bxh3 Rxh5 40. Kg2 Rg5+ 41. Kf2 Ke5 42. Re1+ Kf6 43. Rb1 Rg3 44. Bc8 Rxa3 45. Rb7 f3 46. Rd7 Ra2+ 47. Kf1 Ke5 48. Re7+ Kf4 49. Rf7+ Ke3 50.
Re7+ Kd3 51. Rf7 Kxc4 52. Bg4 Kxd5 53. Bxf3+ Nxf3 54. Rxf3 a5 55. Rf7 a4 56. Ra7 a3 57. Ke1 Kd4 0-1

[Event "Late-Titled-Tuesday-Blitz-May-14-2024"]
[Site "Chess.com"]
[Date "2024.05.14"]
[Round "3"]
[White "DonPreuss"]
[Black "lucasran"]
[Result "0-1"]
[WhiteElo "2179"]
[BlackElo "2555"]
[TimeControl "180+1"]
[EndTime "14:29:46 PDT"]
[Termination "lucasran won by resignation"]

1. d4 Nf6 2. Nc3 d5 3. e4 dxe4 4. f3 exf3 5. Nxf3 Bg4 6. h3 Bxf3 7. Qxf3 c6 8. Qf2 e6 9. Bd3 Nbd7 10. O-O Be7 11. Bg5 O-O 12. Qh4 g6 13. Rae1 Nd5 14. Ne4 f6 15. Bh6 Rf7 16. c4 Nc7 17. Rf3 Bf8 18.
Bxf8 Qxf8 19. c5 Rb8 20. Nd6 Re7 21. Bc4 Nd5 22. Bxd5 cxd5 23. b4 Qg7 24. Qg4 Nf8 25. Ref1 f5 26. Qf4 Rd8 27. Re3 b6 28. Rfe1 bxc5 29.
bxc5 Rc7 30. Qg5 Rb8 31. h4 Qe7 32. Qf4 Qg7 33. Rg3 Kh8 34. h5 Qf6 35. hxg6 Nxg6 36. Qh6 Rg7 37. Qd2 Rbg8 38. c6 Nh4 39. Rxg7 Qxg7 40.
Re2 Nf3+ 41. Kf2 Nxd2 42. Ke1 Qc7 43. Nb5 Qxc6 44. Nxa7 Qc1+ 0-1

[Event "Late-Titled-Tuesday-Blitz-May-14-2024"]
[Site "Chess.com"]
[Date "2024.05.14"]
[Round "3"]
[White "micke12a"]
[Black "ChessSwole"]
[Result "1/2-1/2"]
[WhiteElo "2418"]
[BlackElo "2608"]
[TimeControl "180+1"]
[EndTime "14:29:47 PDT"]
[Termination "Game drawn by stalemate"]

1. d4 d5 2. Nc3 Nf6 3. Bf4 e6 4.
e3 Bb4 5. Bd3 c5 6. a3 Ba5 7.
dxc5 Bxc3+ 8. bxc3 Qa5 9. Qd2 Qxc5 10. Nf3 O-O 11. Ne5 Nc6 12. h3 Nd7 13. Nxd7 Bxd7 14. e4 Rad8 15. exd5 exd5 16. O-O Rfe8 17. Qd1 Qxc3 18.
Qh5 g6 19. Qh4 Ne5 20. Bg5 Rc8 21. Bf6 Qc6 22. f4 Nxd3 23. cxd3 Bf5 24. Rac1 Qb6+ 25.
d4 Be4 26. Rxc8 Rxc8 27. Rf2 Rc6 28. Be7 Qxd4 29. Kh2 Kg7 30. Bg5 h5 31. f5 f6 32.
fxg6 Qe5+ 33. Bf4 Qf5 34. Bh6+ Kxh6 35. Rxf5 Bxf5 36. Qf4+ Kxg6 37. Qd4 Be4 38. Qxa7 Rc2 39. Kg3 Rxg2+ 40. Kf4 Rh2 41. Qg1+ Rg2 42. Qd4 h4 43. Qb6 Rg3 44. Qxb7 Rf3+ 45. Kg4 Rxa3 46. Kxh4 Bf5 47. Qb3 Rxb3 1/2-1/2

[Event "Late-Titled-Tuesday-Blitz-May-14-2024"]
[Site "Chess.com"]
[Date "2024.05.14"]
[Round "3"]
[White "MikeSailer"]
[Black "PapaieDudu"]
[Result "0-1"]
[WhiteElo "2059"]
[BlackElo "2373"]
[TimeControl "180+1"]
[EndTime "14:29:49 PDT"]
[Termination "PapaieDudu won by resignation"]

1. g3 Nf6 2. Bg2 d5 3. Nf3 e6 4. O-O Be7 5. c4 O-O 6. d4 dxc4 7. Nc3 c5 8. dxc5 Qc7 9. Bf4 Qxc5 10. Rc1 Rd8 11.
Qc2 Nc6 12. Na4 Qh5 13. Qxc4 e5 14. Bg5 Be6 15. Qh4 Qxh4 16. Bxh4 Bxa2 17. Bxf6 Bxf6 18. Nc5 Bd5 19. Nd2 Nd4 20. Bxd5 Nxe2+ 21. Kg2 Rxd5 22. Rc2 Nd4 23. Rc4 Rc8 24. Nce4 Rxc4 25. Nxc4 Be7 26. Ne3 Rb5 27. Rc1 g6 28. Rc8+ Kg7 29. Nc4 Nc6 30. Rc7 Bf8 31. Rxf7+ Kxf7 32. Ncd6+ Bxd6 33. Nxd6+ Ke6 34. Nxb5 a6 35. Nc3 Nd4 36. f3 h6 37. Kf2 Nb3 38. Ke3 b5 39. Ne4 Kd5 40. Kd3 Nc5+ 41. Nxc5 Kxc5 42.
Ke4 Kd6 43. b4 Ke6 44. h4 h5 45. g4 hxg4 46. fxg4 Kf6 47. h5 gxh5 48. gxh5 a5 49. bxa5 b4 50. h6 b3 51. h7 Kg7 52. Kd3 e4+ 53. Kc3 e3 54. Kxb3 e2 55. a6 e1=Q 56. a7 Qa5 0-1

[Event "Late-Titled-Tuesday-Blitz-May-14-2024"]
[Site "Chess.com"]
[Date "2024.05.14"]
[Round "3"]
[White "GelmanAlexander"]
[Black "XeresLt"]
[Result "1-0"]
[WhiteElo "2665"]
[BlackElo "2473"]
[TimeControl "180+1"]
[EndTime "14:29:50 PDT"]
[Termination "GelmanAlexander won by checkmate"]

1. c4 Nf6 2. Nf3 g6 3. e3 Bg7 4.
Be2 d6 5. d3 O-O 6. a3 c5 7.
O-O Nc6 8. Nbd2 e5 9. Qc2 h6 10.
Rb1 a5 11. b3 Be6 12. Bb2 Rc8 13. Rfd1 b6 14. h3 Re8 15. Rbc1 Bf5 16. Ne4 Be6 17. Nc3 Bf5 18. Nd2 h5 19. Bf3 Bh6 20.
Nde4 Nh7 21. Nd5 Be6 22. Bc3 Bxd5 23. cxd5 Ne7 24. Nd2 Nf6 25. e4 b5 26. a4 b4 27. Bb2 Nd7 28. Rb1 Nb6 29. Bc1 Kh7 30. Nf1 f5 31. Bxh6 Kxh6 32. exf5 Nxf5 33. Be4 Nd4 34. Qd2+ Qg5 35. Qe3 Rf8 36. Rb2 h4 37. Nh2 Rf4 38. Ng4+ Kg7 39. Re1 Rcf8 40. g3 hxg3 41.
fxg3 Rxg4 42. hxg4 Qxg4 43. Rh2 g5 44. Kg2 Nc2 45.
Qe2 Nxe1+ 46. Qxe1 Nd7 47. Rh7+ Kg8 48. Rh1 c4 49.
dxc4 Nc5 50. Bh7+ Kg7 51. Bc2 e4 52. Qe3 Rf3 53. Qd4+ Kg6 54. Rh3 Qf5 55. Rh8 Nd3 56.
Rg8+ Kf7 57. Qg7# 1-0

[Event "Late-Titled-Tuesday-Blitz-May-14-2024"]
[Site "Chess.com"]
[Date "2024.05.14"]
[Round "3"]
[White "platy3"]
[Black "angelgab3"]
[Result "0-1"]
[WhiteElo "2885"]
[BlackElo "2724"]
[TimeControl "180+1"]
[EndTime "14:29:51 PDT"]
[Termination "angelgab3 won by checkmate"]

1. e4 e5 2. Nf3 Nc6 3. Bb5 Bc5 4. O-O Nf6 5. d3 O-O 6. Bxc6 bxc6 7. Nxe5 Re8 8. Nf3 d5 9. e5 Nd7 10. d4 Bf8 11. c3 c5 12. Re1 cxd4 13. cxd4 c5 14. Nc3 cxd4 15. Qxd4 Bb7 16. Bg5 Qa5 17. Rad1 Nb6 18.
Qg4 Rac8 19. Bf6 Rc4 20. Nd4 Qb4 21. Re3 Bc8 22. e6 fxe6 23. Be5 Nd7 24. Nce2 Nxe5 25. Rxe5 Qxb2 26. Qh5 g6 27. Qh3 Bg7 28. Qe3 Qxa2 29. h4 Qa4 30. Re1 Qb4 31. Rd1 Qd6 32. f4 Bd7 33. h5 gxh5 34. Rxh5 e5 35. fxe5 Rxe5 36.
Rxe5 Qxe5 37. Qf3 h5 38. Rf1 Bg4 39. Qf7+ Kh7 40. Nf5 Bxf5 41. Rxf5 Qe3+ 42. Rf2 Rh4 43. Qf5+ Kh8 44. Qc8+ Kh7 45. Qf5+ Kh6 46. g3 Rg4 47.
Kh2 Rg5 48. Qf7 h4 49. Nf4 Qxg3+ 50. Kh1 Qg1# 0-1

[Event "Late-Titled-Tuesday-Blitz-May-14-2024"]
[Site "Chess.com"]
[Date "2024.05.14"]
[Round "3"]
[White "MatthewG-p4p"]
[Black "GiorgianBarbosa"]
[Result "1-0"]
[WhiteElo "2833"]
[BlackElo "2526"]
[TimeControl "180+1"]
[EndTime "14:29:51 PDT"]
[Termination "MatthewG-p4p won by checkmate"]

1. f4 g6 2. Nf3 Bg7 3. g3 c5 4. Bg2 e6 5. O-O Ne7 6. d3 O-O 7. Nc3 Nbc6 8. e4 Rb8 9. a4 d6 10. h3 a6 11. g4 f5 12. Ne2 e5 13.
exf5 gxf5 14. g5 e4 15. dxe4 fxe4 16. Nh2 d5 17. c4 Bf5 18. Ng3 Bd4+ 19. Kh1 Nb4 20.
cxd5 Qxd5 21. Ng4 Rbe8 22. Nh6+ Kh8 23. Ra3 Qe6 24. Be3 Rd8 25. Qe2 Bxh3 26. Bxd4+ Rxd4 27. Bxh3 Qxh3+ 28. Qh2 Qxh2+ 29. Kxh2 Nd3 30. f5 e3 31. f6 Nd5 32. Nhf5 Rg4 33. Rxd3 Rxg5 34. Rxd5 e2 35. Nxe2 h5 36. Ne7 Rxd5 37. Nxd5 b5 38. axb5 axb5 39. Rf5 Kh7 40. Nef4 b4 41. Rxh5+ Kg8 42. Rg5+ Kf7 43. Rg7+ Ke8 44. Re7+ Kd8 45. Ne6+ Kc8 46. Nb6+ Kb8 47. Nd7+ Ka8 48. Ndxf8 c4 49. Ng6 c3 50. f7 cxb2 51. f8=Q# 1-0

[Event "Late-Titled-Tuesday-Blitz-May-14-2024"]
[Site "Chess.com"]
[Date "2024.05.14"]
[Round "3"]
[White "ArtemDyachuk"]
[Black "Lady_Nika"]
[Result "1-0"]
[WhiteElo "2700"]
[BlackElo "2503"]
[TimeControl "180+1"]
[EndTime "14:29:51 PDT"]
[Termination "ArtemDyachuk won by checkmate"]

1. e4 e6 2. d4 d5 3. Nc3 Nf6 4. e5 Nfd7 5. Nce2 c5 6. c3 Nc6 7. Nf3 a6 8. h4 b5 9. Nf4 Bb7 10. Bd3 Qb6 11. Be3 h6 12. h5 c4 13. Bc2 O-O-O 14.
a3 Be7 15. O-O Na5 16. Nd2 Kb8 17. b4 cxb3 18. Nxb3 Nxb3 19. Bxb3 Qc7 20. Qd2 Nb6 21. a4 bxa4 22. Bxa4 Rc8 23. Rfb1 Nc4 24. Qe2 Nxe3 25. fxe3 Ka7 26. Bc2 Qxc3 27. Bd3 Rc6 28. Ra2 Rhc8 29.
Kh2 Bb4 30. Ra4 Be7 31. Bxa6 Rxa6 32. Rxb7+ Kxb7 33. Qxa6+ Kc7 34. Qe2 Kd8 35. Ra7 Qc6 36. Qg4 Bf8 37. Qh4+ Ke8 38. Qg4 Rc7 39. Ra2 Rc8 40.
Rf2 Rc7 41. Ng6 fxg6 42. Qxg6+ Kd7 43. Rxf8 Qc1 44. Qe8# 1-0

[Event "Late-Titled-Tuesday-Blitz-May-14-2024"]
[Site "Chess.com"]
[Date "2024.05.14"]
[Round "3"]
[White "joksijoksi"]
[Black "glebus008"]
[Result "1/2-1/2"]
[WhiteElo "2513"]
[BlackElo "2375"]
[TimeControl "180+1"]
[EndTime "14:29:52 PDT"]
[Termination "Game drawn by repetition"]

1. d4 d5 2. c4 e6 3. g3 Nf6 4.
Bg2 Be7 5. Nf3 O-O 6. O-O dxc4 7. Nc3 c5 8. e3 Nc6 9. Qe2 cxd4 10. exd4 Nxd4 11. Nxd4 Qxd4 12. Rd1 Qg4 13. Bf3 Qh3 14. Qxc4 e5 15. Be3 Ng4 16. Bxg4 Bxg4 17. Qf1 Qh5 18.
Rd5 Rad8 19. Bxa7 Bf3 20. Rd3 Rxd3 21. Qxd3 Rd8 22. Qf1 Rd2 23. Be3 Rxb2 24. Rb1 Rxb1 25. Nxb1 e4 26. Nd2 Qd5 27. Qc1 h5 28. a4 h4 29. Qf1 hxg3 30. fxg3 Bc5 31. Qf2 Bxe3 32.
Qxe3 Qc6 33. a5 Qc1+ 34. Kf2 Qh1 35. Nf1 Qg2+ 36. Ke1 Qa2 37. Qd2 Qc4 38. Ne3 Qb5 39. Kf2 g6 40. h4 Qb1 41. Nf1 Qb5 42. Ne3 Qb1 43. Nf1 Qb5 44. Kg1 Qc4 45. Ne3 Qb5 46. Nf1 Qb1 47. Kf2 1/2-1/2

[Event "Late-Titled-Tuesday-Blitz-May-14-2024"]
[Site "Chess.com"]
[Date "2024.05.14"]
[Round "3"]
[White "GMTalks_Youtube"]
[Black "h4parah5"]
[Result "0-1"]
[WhiteElo "2775"]
[BlackElo "3039"]
[TimeControl "180+1"]
[EndTime "14:29:53 PDT"]
[Termination "h4parah5 won by resignation"]

1. d4 Nf6 2. c4 e6 3. Nc3 c5 4. d5 exd5 5. cxd5 d6 6. e4 g6 7. Nge2 Bg7 8. Ng3 h5 9. Be2 h4 10. Nf1 a6 11. a4 h3 12. g4 Nh7 13. Nd2 Nd7 14. a5 g5 15. Nc4 Qe7 16. f3 Nhf8 17.
Na4 Ng6 18. Qb3 O-O 19. Bd2 Rb8 20. O-O-O Nde5 21. Nab6 Nxc4 22. Bxc4 Be5 23. Kb1 Nf4 24. Bf1 Bd7 25. Nc4 Bg7 26. Rg1 Bb5 27. Nb6 Qe8 28.
Bc4 Be5 29. Bc3 f6 30. Bd2 Kg7 31. Rg3 Rh8 32. Rgg1 Rh7 33. Rg3 Kh8 34. Rgg1 Rd8 35. Rge1 Ng2 36. Re2 Bxh2 37. Rh1 Be5 38. Bc3 Nf4 39.
Reh2 Kg7 40. Bd2 Bxc4 41. Nxc4 Qb5 42. Qc2 Rdh8 43. Ne3 Qd3 44. Nf5+ Kg6 45. Bxf4 Qxc2+ 46. Rxc2 Bxf4 47. Rc3 h2 48. Rb3 Rd7 49. Kc2 Rh3 50. Kd1 c4 51. Rb4 Rxf3 52. Rxc4 Rb3 53. Rc5 dxc5 54.
Kc2 Rh3 0-1

[Event "Late-Titled-Tuesday-Blitz-May-14-2024"]
[Site "Chess.com"]
[Date "2024.05.14"]
[Round "3"]
[White "Bastiandash"]
[Black "rasmussvane"]
[Result "1/2-1/2"]
[WhiteElo "2706"]
[BlackElo "2974"]
[TimeControl "180+1"]
[EndTime "14:29:53 PDT"]
[Termination "Game drawn - insufficient material"]

1. e4 c6 2. d4 d5 3. exd5 cxd5 4. Bd3 Nc6 5. c3 Nf6 6. h3 g6 7. Nf3 Bf5 8. O-O e6 9. Re1 Bd6 10. Bg5 h6 11. Bh4 Bxd3 12. Qxd3 g5 13. Bg3 Bxg3 14.
fxg3 Ne4 15. Nfd2 f5 16. Nxe4 fxe4 17. Qe2 O-O 18. Nd2 Qf6 19. Rf1 Qg6 20. Rxf8+ Rxf8 21. Rf1 Rxf1+ 22. Nxf1 a6 23. Ne3 h5 24. g4 h4 25. Qf2 Kg7 26. g3 hxg3 27. Qxg3 Qf7 28.
Kg2 Qf4 29. h4 Kg6 30. hxg5 Kxg5 31. Kh3 b5 32. Ng2 Qf3 33. Qxf3 exf3 34. Nh4 Kf4 35.
g5 Kxg5 36. Nxf3+ Kf4 37. Kg2 Ke3 38. Ng5 Nd8 39. Kg3 Kd2 40. Kf4 Kc2 41. Ke5 Kxb2 42. Nxe6 Nxe6 43. Kxe6 Kxc3 44. Kxd5 b4 45. Kc5 a5 46. d5 a4 47. d6 b3 48. axb3 axb3 49. d7 b2 50. d8=Q b1=Q 51. Qd4+ Kc2 52. Qe4+ Kb2 53.
Qxb1+ Kxb1 1/2-1/2

[Event "Late-Titled-Tuesday-Blitz-May-14-2024"]
[Site "Chess.com"]
[Date "2024.05.14"]
[Round "3"]
[White "Magicmaster17"]
[Black "Caracal3000"]
[Result "1-0"]
[WhiteElo "2894"]
[BlackElo "2537"]
[TimeControl "180+1"]
[EndTime "14:29:53 PDT"]
[Termination "Magicmaster17 won by checkmate"]

1. Nf3 d5 2. d4 e6 3. c4 Nf6 4. Bg5 Be7 5. Nc3 h6 6. Bh4 O-O 7. e3 b6 8. Be2 Bb7 9. Bxf6 Bxf6 10. cxd5 exd5 11. O-O c5 12. Rc1 Nd7 13. Qa4 a5 14. Bb5 cxd4 15. exd4 Nb8 16. Rfd1 Qd6 17. Bd3 Bc6 18. Qb3 Nd7 19. Bb5 Rfc8 20. Bxc6 Rxc6 21. Nxd5 Rac8 22. Rxc6 Rxc6 23. Nc3 Qb4 24. Qxb4 axb4 25. Nd5 Rc2 26. Rb1 Rc4 27. b3 Rc8 28. Kf1 Nb8 29. Nxb4 Be7 30. Nd5 Bf8 31. Nxb6 Rd8 32. a4 Nc6 33.
Nc4 Rb8 34. d5 Nb4 35. d6 Rd8 36. Rd1 f6 37. a5 Kf7 38. g4 Ke6 39. Nd4+ Kd7 40.
Nf5 g6 41. Nfe3 Nc6 42. Nd5 Ne5 43. Nxf6+ Ke6 44. Nxe5 Kxe5 45. g5 hxg5 46. Ng4+ Kf4 47. Rd4+ Kf5 48. d7 Bc5 49. Rd5+ Kxg4 50. Rxc5 Rxd7 51.
Kg2 Rd3 52. b4 Kh4 53. b5 g4 54. b6 Rb3 55. Rc7 g5 56. Rh7# 1-0

[Event "Late-Titled-Tuesday-Blitz-May-14-2024"]
[Site "Chess.com"]
[Date "2024.05.14"]
[Round "3"]
[White "schachlana"]
[Black "Puzzlebot_1294"]
[Result "0-1"]
[WhiteElo "2335"]
[BlackElo "2642"]
[TimeControl "180+1"]
[EndTime "14:29:54 PDT"]
[Termination "Puzzlebot_1294 won by resignation"]

1. e4 e5 2. Nf3 Nc6 3. d4 exd4 4. Nxd4 Nf6 5. Nxc6 bxc6 6. Bd3 d5 7. Nd2 Bc5 8. O-O O-O 9. e5 Ng4 10. h3 Nxe5 11.
Bxh7+ Kxh7 12. Qh5+ Kg8 13. Qxe5 Bd6 14. Qe2 a5 15. Re1 Bf5 16. Nf3 Qd7 17. Be3 Rfe8 18.
Nd4 Bh7 19. Qd2 c5 20. Nf3 d4 21. Bg5 Be4 22. Nh2 Qf5 23. c3 f6 24. Bh4 Bf4 25.
Qd1 Rad8 26. Qg4 Qxg4 27. Nxg4 dxc3 28. bxc3 Bd2 29. Red1 Bxc3 30. Rxd8 Rxd8 31. Rc1 Bd4 32. Ne3 Rb8 33. Bg3 Rb7 34. Nc4 a4 35. a3 Bd3 36.
Na5 Rb5 37. Bxc7 Bb2 38. Rd1 c4 39. Bd8 Bxa3 40. Nc6 c3 41. Rxd3 c2 42. Rc3 c1=Q+ 43. Rxc1 Bxc1 44. Be7 Rb1 45. Kh2 Kf7 46. Bc5 Bf4+ 47. g3 Rc1 48. Nd8+ Ke8 49. gxf4 Rxc5 50. Ne6 Ra5 51. Nxg7+ Kf7 52. Nh5 Rxh5 0-1

[Event "Late-Titled-Tuesday-Blitz-May-14-2024"]
[Site "Chess.com"]
[Date "2024.05.14"]
[Round "3"]
[White "only_strong_moves"]
[Black "PenguinPacks"]
[Result "0-1"]
[WhiteElo "2680"]
[BlackElo "2514"]
[TimeControl "180+1"]
[EndTime "14:29:55 PDT"]
[Termination "PenguinPacks won by checkmate"]

1. Nc3 e5 2. Nf3 Nc6 3. d4 exd4 4. Nxd4 Nf6 5. Bg5 d5 6. e3 Bb4 7.
Bb5 Bd7 8. O-O Bxc3 9. bxc3 Nxd4 10. Bxd7+ Qxd7 11. Qxd4 Qe6 12. Rfd1 c6 13. Rab1 b6 14. c4 dxc4 15. Bxf6 gxf6 16. Qf4 O-O 17. Rd6 Qe5 18. Qg4+ Kh8 19. Rbd1 b5 20. Qf3 f5 21. g3 Qe4 22. Qe2 Rfe8 23. R1d4 Qe5 24. Qh5 Re6 25.
Rd7 Rf6 26. Rh4 h6 27. Qg5 Qe6 28. Rd1 Rg8 29. Qf4 Kg7 30. Qd4 Qd5 31. Qxd5 cxd5 32. Rxd5 Rb8 33. c3 Ra6 34. Rd2 Ra3 35. Rc2 Rd8 36. Rd4 Rxd4 37. exd4 Kf6 38. Kg2 a5 39. Kf3 b4 40. Ke3 b3 41. axb3 cxb3 42. Rb2 a4 43. c4 Ra2 44. Rb1 Rc2 45. c5 Ke6 46. Kd3 Kd5 47. Re1 f6 48. f3 Rc4 49. Ra1 Rxd4+ 50.
Ke3 Kxc5 51. Rc1+ Rc4 52. Rd1 b2 53. Rb1 a3 54. Kd3 a2 55. Rxb2 a1=Q 56. Rb8 Qd4+ 57.
Ke2 Rc2+ 58. Kf1 Qf2# 0-1

[Event "Late-Titled-Tuesday-Blitz-May-14-2024"]
[Site "Chess.com"]
[Date "2024.05.14"]
[Round "3"]
[White "TigrVShlyape"]
[Black "Kira170"]
[Result "1-0"]
[WhiteElo "2958"]
[BlackElo "2755"]
[TimeControl "180+1"]
[EndTime "14:29:56 PDT"]
[Termination "TigrVShlyape won on time"]

1. e4 e6 2. d4 d5 3. Nc3 Nf6 4. e5 Nfd7 5. f4 c5 6. Nf3 Nc6 7. Ne2 Be7 8. c3 O-O 9. Be3 b5 10. dxc5 Nxc5 11. Ned4 Nxd4 12. Bxd4 Bd7 13. b4 Ne4 14.
Bd3 a5 15. a3 axb4 16. axb4 Qc7 17. O-O Ra4 18. Qc2 Rfa8 19. Rxa4 Rxa4 20. Bxe4 dxe4 21. Qxe4 h6 22. h3 Bc6 23. Qd3 Qb7 24. Qe3 Qd7 25.
Rf2 Qd5 26. Kh2 Ra3 27. Qd2 Qc4 28. Qe2 Qxe2 29. Rxe2 Bd5 30. Kg3 Kh7 31. h4 Bc4 32.
Rd2 Bd5 33. h5 g6 34. hxg6+ Kxg6 35. Kg4 h5+ 36. Kg3 Kf5 37. Rf2 Ke4 38. Ng5+ Kf5 39. Nxf7 Bxb4 40. Kh4 Be7+ 41. Kxh5 Ra1 42. g4+ Ke4 43.
Ng5+ Kd3 44. f5 b4 45. f6 bxc3 46. Bxc3 Bc5 47. Bxa1 Bxf2 48. f7 Bc5 49. Nh7 Bf3 50. f8=Q 1-0

[Event "Late-Titled-Tuesday-Blitz-May-14-2024"]
[Site "Chess.com"]
[Date "2024.05.14"]
[Round "3"]
[White "BabyAnton"]
[Black "campochess"]
[Result "1-0"]
[WhiteElo "2549"]
[BlackElo "2108"]
[TimeControl "180+1"]
[EndTime "14:29:57 PDT"]
[Termination "BabyAnton won by resignation"]

1. b3 e5 2. c4 Nf6 3. Bb2 Nc6 4.
e3 d5 5. cxd5 Nxd5 6. a3 Be7 7.
Qc2 Be6 8. Nf3 Bf6 9. Bb5 O-O 10. Bxc6 bxc6 11. Nxe5 Bxe5 12. Bxe5 Qg5 13. Bg3 Qf6 14. Nc3 Nxc3 15. Qxc3 Qxc3 16. dxc3 Bxb3 17. Bxc7 Bc4 18. O-O-O Rfc8 19. Bg3 c5 20. Rd7 h5 21. Rhd1 Rc6 22. Rb7 Ra6 23. Kb2 Rb6+ 24. Rxb6 axb6 25. Bc7 b5 26.
Bb6 b4 27. Bxc5 bxa3+ 28. Bxa3 Ra6 29. Rd4 Bf1 30. g3 Rf6 31. f4 Re6 32. e4 Bg2 33.
e5 h4 34. Rd8+ Kh7 35. g4 g5 36. fxg5 Rxe5 37. c4 Rxg5 38. Rd4 Bh3 39. Be7 Rxg4 40.
Rxg4 Bxg4 41. Bxh4 Kg6 42. Kc3 Kf5 43. Kd4 Kf4 44. Kc5 Bf3 45. Kd6 Kg4 46. Bg3 f5 47.
Be5 f4 48. c5 Kf5 49. Bd4 Bg2 50. Bf2 Kg4 51. h4 Kf3 52. Be1 Ke2 53. Bc3 Kd3 54. Be5 f3 55. Bg3 Ke4 56. c6 Kf5 57. c7 f2 58. Bxf2 Bb7 59. Kd7 Kg4 60. c8=Q Bxc8+ 61. Kxc8 1-0

[Event "Late-Titled-Tuesday-Blitz-May-14-2024"]
[Site "Chess.com"]
[Date "2024.05.14"]
[Round "3"]
[White "Iuckyducky"]
[Black "Smiechu"]
[Result "1-0"]
[WhiteElo "2295"]
[BlackElo "2470"]
[TimeControl "180+1"]
[EndTime "14:29:58 PDT"]
[Termination "Iuckyducky won on time"]

1. e4 c5 2. Nf3 g6 3. d4 cxd4 4. Qxd4 Nf6 5. Nc3 Nc6 6. Qa4 d6 7. e5 dxe5 8. Nxe5 Bd7 9. Nxd7 Nxd7 10. Be3 Bg7 11. Rd1 O-O 12. Be2 Qc8 13. O-O Nb6 14. Qa3 e6 15. Nb5 Nd5 16. Bc5 Rd8 17. c4 Nf4 18. Bf3 a6 19. Nd6 Qc7 20. Qe3 e5 21. Bb6 Qxd6 22. Rxd6 Rxd6 23. Bc5 Rd3 24. Qe1 Rad8 25.
Bxc6 bxc6 26. Be3 Ne6 27. Qe2 f5 28. g3 g5 29. Qh5 f4 30. Bb6 R8d7 31. Qe8+ Nf8 32.
Bc5 f3 33. Bxf8 Bxf8 34. Qe6+ Rf7 35. Qxe5 h6 36. h4 Re7 37. Qf5 Rd2 38. hxg5 Rxb2 39. Qxf3 Rf7 40. Qxc6 hxg5 41. Qg6+ Rg7 42. Qe6+ Rf7 43.
c5 Bxc5 44. Qc8+ Bf8 45. Qxa6 Kg7 46. a4 Bc5 47. a5 Rbxf2 48. Rxf2 1-0

[Event "Late-Titled-Tuesday-Blitz-May-14-2024"]
[Site "Chess.com"]
[Date "2024.05.14"]
[Round "3"]
[White "maracayo"]
[Black "Byniolus"]
[Result "0-1"]
[WhiteElo "2354"]
[BlackElo "2762"]
[TimeControl "180+1"]
[EndTime "14:29:59 PDT"]
[Termination "Byniolus won by resignation"]

1. e4 d6 2. Nf3 Nf6 3. d3 Bg4 4.
Nbd2 e6 5. Be2 Be7 6. O-O d5 7. c3 O-O 8. Re1 c5 9. Qb3 Qc7 10. exd5 exd5 11. h3 Bf5 12. d4 Nbd7 13. Nf1 h6 14. Ng3 Bh7 15. Nh4 Rfe8 16. Nhf5 Bf8 17. Bd2 a6 18. Bf3 Qc6 19. Rxe8 Rxe8 20. Re1 Rxe1+ 21.
Bxe1 c4 22. Qd1 Qe6 23. Ne3 b5 24. a4 Nb6 25. axb5 axb5 26. Bd2 Bd6 27. Ng4 Bxg3 28. Nxf6+ Qxf6 29. fxg3 Be4 30. Bg4 Qg6 31. Bf4 Na4 32.
Qd2 Bc2 33. Bf3 Be4 34. Bd1 Nb6 35. Bc7 Nd7 36. Qf4 Nf8 37. Qd6 Ne6 38. Bg4 Bf5 39. Bf3 Be4 40. Bg4 f5 41. Bf3 Kh7 42. Qe5 Bxf3 43.
gxf3 f4 44. g4 Nxc7 45. Qxc7 Qb1+ 46. Kg2 Qxb2+ 47. Kg1 Qc1+ 48. Kg2 Qd2+ 49. Kg1 Qe1+ 50. Kg2 Qg3+ 51. Kf1 Qxf3+ 52. Ke1 Qe3+ 53. Kd1 f3 0-1

[Event "Late-Titled-Tuesday-Blitz-May-14-2024"]
[Site "Chess.com"]
[Date "2024.05.14"]
[Round "3"]
[White "slorovel"]
[Black "Sacbutt"]
[Result "0-1"]
[WhiteElo "2561"]
[BlackElo "2354"]
[TimeControl "180+1"]
[EndTime "14:30:00 PDT"]
[Termination "Sacbutt won on time"]

1. Nf3 e6 2. e4 d5 3. exd5 exd5 4. d4 Nf6 5. Bd3 Bd6 6. Qe2+ Be6 7. O-O O-O 8. Ng5 Bg4 9. f3 Bh5 10. Nh3 Bg6 11. Bxg6 hxg6 12. Qd3 Re8 13. Nc3 c5 14. dxc5 Bxc5+ 15. Kh1 Nc6 16. Bg5 Nb4 17. Qd2 d4 18.
Ne4 Nxe4 19. fxe4 Qc7 20. a3 Nc6 21. b4 Bd6 22. b5 Na5 23. Nf4 Nc4 24. Qf2 Rxe4 25.
Nd5 Qd7 26. Qf3 Rae8 27. Bf6 Nd2 28. Qf2 Nxf1 29. Rxf1 Be5 30. Bxe5 R8xe5 31. Nb4 Rxb5 32. Nd3 Rf5 33. Qg1 Rxf1 34. Qxf1 Qe7 35. h3 Qxa3 36.
Qf3 Qe7 37. Kh2 a5 38. Qd1 Qd6+ 39. Kh1 a4 40. Qa1 a3 41. Qa2 b5 42. Qb3 b4 43.
Qc4 Qe7 44. Qa2 Re1+ 45. Kh2 Qd6+ 46. g3 Re2+ 47. Kh1 Qxg3 48. Nf2 Qxf2 49. Qxf7+ Kxf7 0-1